 Dungeon Crawl Stone Soup version 0.19.0-22-gd96e5fe (webtiles) character file.

161 Miant the Ruffian (level 5, 0/46 HPs)
             Began as a Ghoul Monk on Nov 19, 2016.
             Slain by an orc
             ... wielding a +0 short sword
              (6 damage)
             ... on level 3 of the Dungeon.
             The game lasted 00:14:56 (2577 turns).

Miant the Ruffian (Ghoul Monk)                      Turns: 2577, Time: 00:14:57

Health: 0/46       AC:  3    Str: 16    XL:     5   Next: 42%
Magic:  4/4        EV: 13    Int:  5    God:
Gold:   184        SH:  0    Dex: 11    Spells: 0 memorised, 4 levels left

rFire  . . .     SeeInvis .       - Unarmed
rCold  + . .     Gourm    .     a - +1 robe
rNeg   + + +     Faith    .     (no shield)
rPois  ∞         Spirit   .     (no helmet)
rElec  .         Reflect  .     (no cloak)
rCorr  .         Harm     .     (no gloves)
MR     .....                    (no boots)
Stlth  ++........               (no amulet)
                                (no ring)
                                (no ring)

@: rotting
A: rotting body, claws 1, carnivore 3, cold resistance 1, negative energy
resistance 3, slow regeneration 1, torment resistance, unbreathing
a: no special abilities


You were on level 3 of the Dungeon.
You were not hungry.

You visited 1 branch of the dungeon, and saw 3 of its levels.

You collected 184 gold pieces.

Inventory:

Armour
 a - a +1 robe (worn)
 e - a +0 leather armour
Scrolls
 f - a scroll of enchant armour
 i - a scroll of identify
 k - a scroll of remove curse
 l - a scroll of teleportation {unknown}
 m - a scroll of fog
Potions
 c - a potion of lignification {unknown}
 h - a potion of berserk rage {unknown}
 j - a potion of brilliance {unknown}
Comestibles
 b - 2 meat rations
 d - a beef jerky
 g - 6 chunks of flesh


   Skills:
 + Level 3.7 Fighting
 + Level 3.6 Dodging
 + Level 3.4 Stealth
 + Level 4.8 Unarmed Combat


You had 4 spell levels left.
You didn't know any spells.

Dungeon Overview and Level Annotations

Branches:
Dungeon (3/15)

Altars:


Innate Abilities, Weirdness & Mutations

Your body is rotting away.
You thrive on raw meat.
You are immune to poison.
You have sharp fingernails.
You are carnivorous and can eat meat at any time.
Your flesh is cold resistant. (rC+)
You are immune to negative energy. (rN+++)
You regenerate slowly when monsters are visible.
You are immune to unholy pain and torment.
You can survive without breathing.


Message History

Something hits you.
You barely miss something. The orc closely misses you.
Something hits you but does no damage. The goblin barely misses you.
You scratch something. The orc barely misses you. Something hits you.
You closely miss something. The goblin misses you. The orc closely misses you.
You scratch something. Something hits you. The goblin completely misses you.
The orc hits you but does no damage.
You barely miss the orc. Something hits you but does no damage.
The goblin barely misses you. The orc hits you with a short sword.
* * * LOW HITPOINT WARNING * * *
You scratch the orc but do no damage.
You hear some strange, mumbled words.
A puff of frost appears from out of thin air!
The puff of frost misses you. The goblin hits you with a club.
* * * LOW HITPOINT WARNING * * *
A bat comes into view.
You scratch the orc.
The orc is heavily wounded.
The bat moves out of view.
The orc hits you with a short sword.
You die...

.......# .###......
........ ##..........
...%.... .b.........
........ #####..........
#..... ......#<.......
#..... ..........$....
#..... .......o{..#
........ ......g@)..#
..........
#....##)...###..........
#.. #................. #
#..........#......
#..........#......
#............####.
##..............#.
#................
#................


You could see an orc, a goblin and a bat.

Vanquished Creatures
  An orc priest (D:3)
  Ijyb (D:3)
  4 adders
  2 oozes
  2 worms (D:2)
  2 dart slugs
  A leopard gecko (D:3)
  5 orcs (D:3)
  2 giant cockroaches (D:1)
  8 goblins
  4 hobgoblins
  2 jackals (D:2)
  A ball python (D:1)
  7 bats
  3 frilled lizards
  4 kobolds
  A rat (D:1)
50 creatures vanquished.

Notes
Turn   | Place    | Note
-------+----------+-------------------------------------------
     0 | D:1      | Miant the Ghoul Monk began the quest for the Orb.
     0 | D:1      | Reached XP level 1. HP: 19/19 MP: 0/0
   292 | D:1      | Reached XP level 2. HP: 26/26 MP: 1/1
  1239 | D:2      | Reached XP level 3. HP: 8/31 MP: 2/2
  1653 | D:2      | Reached skill level 4 in Unarmed Combat
  1658 | D:2      | Reached XP level 4. HP: 19/39 MP: 3/3
  2151 | D:3      | Noticed Ijyb
  2157 | D:3      | Killed Ijyb
  2384 | D:3      | Reached XP level 5. HP: 34/46 MP: 4/4
  2577 | D:3      | Slain by an orc

Skill      XL: |  1  2  3  4 |
---------------+-------------+-----
Dodging        | 3 |  3.6
Unarmed Combat | 4 |  4.8
Stealth        | 3 |  3.4
Fighting       | |  3.7

Action                   |  1- 3 |  4- 6 || total
-------------------------+-------+-------++-------
Melee: Unarmed           |    78 |    74 ||   152
       Punch             |       |     1 ||     1
  Use: Scroll            |     2 |     2 ||     4
 Stab: Sleeping          |     4 |     2 ||     6
  Eat: Chunk             |     2 |     4 ||     6
Armor: Robe              |    17 |     9 ||    26
Dodge: Dodged            |    64 |    48 ||   112
